Map: Ruins of Seras

Players

LindyHop

  • Race: Zerg Zerg
  • League: Platinum

SlingShot - Winner!

  • Race: Zerg Zerg

VOD

Have the link to the VOD?

Description

Time

  • Played on: Jan. 7, 2016, 4:19 p.m.
  • Length: 10:51
Show
View Real Time Build Order
Export as new Build Order

LindyHop Zerg 

Build Orders: Pool First, Zergling Baneling 

Get SALT Encoding   

  12  0:01  Drone  
  13  0:12  Overlord  
  13  0:18  Drone  
  14  0:29  Drone, Extractor  
  14  0:31  Drone  
  16  0:51  Extractor  
  16  0:52  Spawning Pool  
  16  0:53  Drone  
  16  0:55  Drone  
  16  1:00  Drone  
  17  1:14  Drone  
  18  1:18  Drone  
  19  1:39  Queen  
  21  1:51  Hatchery  
  21  1:53  Metabolic Boost  
  21  1:54  Zergling x4  
  22  2:03  Overlord  
  22  2:25  Zergling x4  
  22  2:27  Zergling x2  
  25  2:34  Baneling Nest  
  24  2:37  Queen  
  24  2:40  Zergling x2  
  27  2:49  Zergling x6  
  30  2:53  Overlord  
  30  3:18  Baneling x2  
  30  3:19  Baneling  
  30  3:21  Zergling x6  
  30  3:22  Zergling x2  
  30  3:26  Zergling x2  
  35  3:47  Zergling x4  
  35  3:48  Zergling x2  
  37  4:02  Baneling x6  
  37  4:03  Zergling x2, Baneling  
  37  4:06  Spine Crawler  
  37  4:08  Spine Crawler  
  36  4:16  Zergling x2  
  35  4:25  Roach Warren  
  35  4:28  Drone  
  33  4:47  Drone x2  
  34  4:55  Drone x4  
  38  5:03  Drone x2  
  40  5:08  Drone  
  40  5:12  Drone  
  42  5:21  Drone x2  
  43  5:34  Drone  
  43  5:35  Baneling  
  43  5:36  Baneling  
  43  5:39  Baneling x2  
  43  5:40  Lair  
  43  5:42  Overlord  
  43  5:54  Baneling x2  
  42  5:57  Overlord  
  41  6:08  Drone  
  41  6:09  Drone x2, Extractor  
  41  6:10  Extractor  
  42  6:17  Drone x5  
  46  6:23  Drone x3  
  42  6:31  Zergling x2  
  42  6:34  Zergling x2  
  42  6:38  Zergling x6  
  41  6:45  Zergling x2  
  35  6:50  Zergling x2  
  35  6:52  Zergling x2  
  35  6:53  Baneling  
  22  7:06  Zergling x6  
  22  7:07  Baneling x2  
  19  7:10  Zergling x2  
  19  7:11  Zergling x2  
  19  7:17  Zergling x10  
  21  7:33  Zergling x2  
  21  7:38  Roach x2  
  21  7:41  Baneling  
  21  7:42  Baneling  
  19  7:51  Zergling x4  
  19  8:01  Zergling x4  
  19  8:15  Zergling x2  
  19  8:16  Zergling x2  
  20  8:27  Drone x3  
  20  8:28  Drone  
  24  8:36  Baneling  
  24  8:38  Baneling  
  24  8:54  Roach Warren  
  22  8:57  Baneling  
  22  8:58  Baneling  
  19  9:14  Drone x4  
  22  9:22  Zergling x2  
  23  9:25  Zergling x2  
  24  9:33  Zergling x4  
  24  9:37  Zergling x2  
  26  9:41  Zergling x2  
  26  9:43  Baneling  
  26  9:45  Baneling  
  25  9:50  Zergling x2  
  26  9:55  Zergling x2  
  26  9:59  Baneling x2  
  25  10:03  Zergling x2  
  26  10:12  Drone  
  25  10:18  Zergling x4  
  25  10:19  Baneling x2  
  26  10:27  Zergling x2  
  26  10:28  Drone  
  23  10:36  Drone  
Show
View Real Time Build Order
Export as new Build Order

SlingShot Zerg - Winner!

Build Orders: Hatch First 

Get SALT Encoding   

  12  0:03  Drone  
  13  0:10  Drone  
  14  0:20  Drone, Extractor x2  
  13  0:22  Drone  
  16  0:28  Overlord  
  16  0:47  Drone x2  
  18  1:00  Drone  
  18  1:03  Extractor  
  18  1:04  Hatchery  
  17  1:17  Spawning Pool  
  16  1:19  Drone  
  17  1:39  Drone x2  
  19  1:40  Drone  
  20  1:53  Overlord  
  20  2:01  Drone  
  20  2:07  Metabolic Boost  
  21  2:11  Queen  
  23  2:16  Queen  
  23  2:17  Zergling x4  
  27  2:36  Zergling x2  
  27  2:37  Zergling x4  
  30  2:39  Zergling x2  
  31  2:50  Zergling x4  
  33  2:55  Baneling Nest  
  32  3:01  Spine Crawler, Zergling x4  
  33  3:06  Zergling x2  
  33  3:12  Zergling x2  
  35  3:22  Drone  
  35  3:23  Overlord  
  35  3:24  Overlord  
  36  3:43  Baneling x4  
  36  3:44  Zergling x2, Baneling x3  
  36  3:45  Zergling x6  
  39  4:21  Zergling x8  
  39  4:22  Zergling x4  
  44  4:37  Zergling x4  
  38  4:51  Zergling x4  
  37  5:03  Zergling x4  
  38  5:17  Zergling x4  
  38  5:18  Zergling x4  
  38  5:21  Baneling x4  
  41  5:44  Zergling x12  
  41  5:45  Zergling x6  
  49  5:55  Baneling x2  
  48  6:12  Zergling x6  
  48  6:13  Zergling x4  
  48  6:14  Zergling x4  
  48  6:23  Zergling x8  
  46  6:37  Zergling x2  
  46  6:38  Zergling x10  
  51  7:02  Baneling  
  38  7:40  Zergling x2  
  38  7:41  Zergling x18  
  38  8:00  Zergling x4  
  37  8:13  Zergling x4  
  37  8:19  Baneling  
  38  8:20  Baneling x3  
  38  8:21  Zergling x4  
  37  8:59  Zergling x2  
  37  9:00  Zergling x16  
  43  9:16  Baneling x2  
  43  9:17  Zergling x14  
  41  9:28  Zergling x2  
  42  9:41  Zergling x4  
  42  9:42  Zergling x12  
  49  9:55  Zergling x4  
  48  10:20  Zergling x14  
  49  10:25  Zergling x2  
Tags
 
Add a new tag
Caveats
  • Supply blocks, unpowered buildings, or Contaminate may cause inaccurate times.
  • Supply counts are checked every 10 seconds.